 Dungeon Crawl Stone Soup version 0.30.1-11-g7821555f0a (webtiles) character file.

Game seed: 7595305592280154631

177 ChrisAssaf the Sneak (level 5, -7/43 HPs)
             Began as a Naga Enchanter on Dec 11, 2023.
             Killed by divine providence
             ... invoked by an orc priest
              (12 damage)
             ... on level 4 of the Dungeon.
             The game lasted 00:06:44 (952 turns).

ChrisAssaf the Sneak (Naga Enchanter)                Turns: 952, Time: 00:06:46

Health: -7/43      AC:  2    Str: 10    XL:     5   Next: 57%
Magic:  6/8        EV: 10    Int: 17    God:
Gold:   187        SH:  0    Dex: 12    Spells: 3/8 levels left

rFire   . . .        a - +1 dagger
rCold   . . .        (no shield)
rNeg    . . .        b - +0 robe
rPois   +            (no helmet)
rElec   .            (no cloak)
rCorr   .            (no gloves)
SInv    +            (no barding)
Will    .....        (no amulet)
Stlth   +++          (no ring)
HPRegen 0.27/turn    (no ring)
MPRegen 0.11/turn

%: no passive effects
@: invisible, very slow
A: AC +1, large, see invisible, deformed body, poison resistance, slowness 2,
spit poison 1, naga tail 1
a: Spit Poison


You were on level 4 of the Dungeon.
You visited 1 branch of the dungeon, and saw 4 of its levels.

You collected 187 gold pieces.

Inventory:

Hand Weapons
 a - a +1 dagger (weapon)
Missiles
 f - 2 boomerangs (quivered)
 h - 4 silver boomerangs
Armour
 b - a +0 robe (worn)
Potions
 c - a potion of invisibility
 d - a potion of flight {unknown}
 e - a potion of resistance
 g - a potion of attraction {unknown}


   Skills:
 * Level 0.7 Fighting
 * Level 2.3 Short Blades
 * Level 1.0 Throwing
 * Level 0.9 Armour
 * Level 2.1 Dodging
 * Level 5.6 Stealth
 * Level 2.4 Spellcasting
 * Level 3.5 Hexes
 * Level 0.9 Ice Magic


You had 3 spell levels left.
You knew the following spells:

 Your Spells              Type           Power      Damage    Failure   Level
a - Ensorcelled Hibernat  Hex/Ice        18%        N/A       12%         2
b - Tukima's Dance        Hex            14%        N/A       13%         3

Your spell library contained the following spells:

 Spells                   Type           Power      Damage    Failure   Level
 Confusing Touch          Hex            14%        N/A       13%         3
 Dazzling Flash           Conj/Hex       16%        N/A       26%         3
 Portal Projectile        Hex/Tloc       16%        N/A       26%         3
 Blade Hands              Tmut           1%         N/A       99%         5


Dungeon Overview and Level Annotations

Branches:
Dungeon (4/15)
 Temple: D:4-7

Altars:


Innate Abilities, Weirdness & Mutations

Your serpentine skin is tough. (AC +1)
You have supernaturally acute eyesight. (SInv)
Armour fits poorly on your strangely shaped body.
Your system is resistant to poisons. (rPois)
You cover ground very slowly.
You can spit poison.
You have a snake-like lower body.


Message History

The hound barely misses you. The hound bites you.
You barely miss the hound.
The hound is heavily wounded.
The hound bites you.
You hit the hound.
The hound is severely wounded.
You have got your breath back.
The hound bites you.
You closely miss the hound.
The hound is severely wounded.
The hound bites you. The hound barely misses you.
You hit the hound but do no damage.
The hound is severely wounded.
The hound bites you.
An orc priest comes into view. It is wielding a +0 whip.
You hit the hound but do no damage.
The hound is almost dead.
The hound bites you.
The orc priest invokes the aid of Beogh against you.
Beogh smites you!
* * * LOW HITPOINT WARNING * * *
The hound barely misses you.
You fade into invisibility!
The hound barely misses you.
The hound looks more healthy.
The hound bites you.
* * * LOW HITPOINT WARNING * * *
The goblin unwields a +0 club.
The goblin wields a +0 sling.
The goblin shoots a sling bullet.
The sling bullet hits the hound.
The hound dies!
You hear a shout! x2; You hear an angry hiss.
Your Throwing skill increases to level 1!
An ufetubus comes into view.
The goblin shoots a sling bullet.
The sling bullet barely misses you.
As you read the scroll labelled LUMEUMMOMO, it crumbles to dust.
Your body is wracked with pain!
* * * LOW HITPOINT WARNING * * *
The goblin convulses!
The orc priest convulses!
It was a scroll of torment.
The orc priest invokes the aid of Beogh against you.
Beogh smites you!
You die...

###...)..#.....#
##.......####..##
#..............#
#.....##......#.#
##...............
##...##..........
###.#......###...
#..#..##..##...
#.@...#.......#
##...g.o.....#
#...##.#.#....#
#..####### .?...
.... .$g. 5.5##.
..g ### #. .g ..


g You could see an orc priest (unable to see you), an ufetubus (wandering,
unable to see you) and a goblin (unable to see you).

Vanquished Creatures
  A scorpion (D:3)
  A hound skeleton (D:3)
  4 adders
  An adder skeleton (D:3)
  A worm (D:4)
  A dart slug (D:3)
  2 orcs (D:3)
  3 ball pythons
  4 endoplasms
  A giant cockroach (D:2)
  A hobgoblin (D:1)
  4 jackals (D:2)
  A bat (D:1)
  2 frilled lizards
  A goblin (D:1)
  A jackal skeleton (D:3)
  2 kobolds
  4 rats
35 creatures vanquished.

Vanquished Creatures (others)
  A hound (D:4)
1 creature vanquished.

Grand Total: 36 creatures vanquished

Notes
Turn   | Place    | Note
-------+----------+-------------------------------------------
     0 | D:1      | ChrisAssaf the Naga Enchanter began the quest for the Orb.
     0 | D:1      | Reached XP level 1. HP: 15/15 MP: 3/3
   182 | D:1      | Reached XP level 2. HP: 17/22 MP: 5/5
   185 | D:1      | Learned a level 2 spell: Ensorcelled Hibernation
   535 | D:2      | Reached XP level 3. HP: 28/28 MP: 6/6
   539 | D:2      | Learned a level 3 spell: Tukima's Dance
   624 | D:3      | Noticed a scorpion
   631 | D:3      | Killed a scorpion
   632 | D:3      | Reached skill level 5 in Stealth
   632 | D:3      | Reached XP level 4. HP: 29/37 MP: 2/7
   771 | D:3      | Reached XP level 5. HP: 42/43 MP: 5/8
   950 | D:4      | Reached skill level 1 in Throwing
   952 | D:4      | Killed from afar by an orc priest

Illustrated notes

Levels and vault maps discovered:
D:1:      minmay_arrival_five_plusses, layout_basic, serial_bayou,
          serial_bayou_lake_a, serial_bayou_crossing, serial_bayou_pond_c,
          serial_bayou_ford_a, shapermc_ecumenical_altar_starsandcircs,
          chequers_garden
D:2:      layout_loops_ring, serial_shops, shop, hangedman_abyss_or_decor_stabs
D:3:      minmay_chambers_of_threes, layout_loops_corners, serial_undead,
          serial_undead_a, serial_undead_a, serial_undead_f, serial_undead_a,
          serial_undead_d, serial_undead_b, serial_undead_e, serial_undead_d,
          serial_undead_f, serial_undead_b, minmay_divided_ellipse,
          uniq_crazy_yiuf_cottage
D:4:      layout_cave_pools, minmay_unequal, uniq_robin

Skill      XL: |  1  2  3  4  5 |
---------------+----------------+-----
Short Blades   | 2 |  2.3
Stealth        | 5 |  5.6
Dodging        | 2 |  2.1
Throwing       | 1 |  1.0
Fighting       | |  0.7
Armour         | |  0.9
Spellcasting   | |  2.4
Hexes          | |  3.5
Ice Magic      | |  0.9

Action                     |  1- 3 |  4- 6 || total
---------------------------+-------+-------++-------
  Melee: Dagger            |    40 |    36 ||    76
  Throw: Boomerang         |     2 |     2 ||     4
   Cast: Ensorcelled Hiber |     3 |     5 ||     8
         Tukima's Dance    |       |     1 ||     1
Ability: Spit Poison       |    14 |     9 ||    23
    Use: Scroll            |     1 |     1 ||     2
         Potion            |       |     1 ||     1
   Stab: Sleeping          |     4 |     6 ||    10
 Armour: Robe              |    15 |     6 ||    21
  Dodge: Dodged            |    30 |    28 ||    58
